 Dungeon Crawl Stone Soup version 0.32-a0-913-g739538afd8 (webtiles) character file.

Game seed: 9734612242317004707

71462 Autsider the Fighter (level 15, -5/113 HPs)
             Began as a Merfolk Alchemist on Apr 7, 2024.
             Was the Champion of Hepliaklqana.
             Slain by an orc warlord
             ... wielding a +1 vampiric great sword
              (11 damage)
             ... on level 12 of the Dungeon.
             The game lasted 01:31:44 (20263 turns).

Autsider the Fighter (Merfolk Alchemist)           Turns: 20263, Time: 01:31:45

Health: -5/113     AC:  7    Str:  9    XL:     15   Next: 36%
Magic:  22/24      EV: 23    Int: 24    God:    Hepliaklqana [******]
Gold:   1853       SH:  0    Dex: 18    Spells: 16/26 levels left

rFire   + . .        H - +9 triple crossbow (freeze)
rCold   . . .        (shield currently unavailable)
rNeg    . . .        o - +1 troll leather armour
rPois   .            U - +1 hat {Will+}
rElec   .            J - scarf of the Frog {repulsion, rF+ SInv}
rCorr   .            P - +0 pair of gloves
SInv    +            G - +0 pair of boots
Will    ++...        Q - amulet of magic regeneration
Stlth   +            I - +5 ring of evasion
HPRegen 1.18/turn    m - +6 ring of intelligence
MPRegen 0.59/turn

%: repel missiles
@: confused, studying Fighting
A: reduced essence, (nimble swimmer 2), mertail
a: Renounce Religion, Recall Ancestor, Ancestor Identity, Transference, Idealise


You were on level 12 of the Dungeon.
You worshipped Hepliaklqana.
Hepliaklqana was exalted by your worship.
You visited 4 branches of the dungeon, and saw 22 of its levels.
You also visited: Ossuary and Bailey.

You collected 2476 gold pieces.
You spent 623 gold pieces at shops.

Inventory:

Hand Weapons
 H - a +9 triple crossbow of freezing (weapon)
Missiles
 y - 4 curare-tipped darts
 E - a throwing net
 W - 2 datura-tipped darts
Armour
 o - a +1 troll leather armour (worn)
 G - a +0 pair of boots (worn)
 J - the scarf of the Frog (worn) {repulsion, rF+ SInv}
   (You found it on level 8 of the Dungeon)

   rF+:       It protects you from fire.
   SInv:      It lets you see invisible.
 P - a +0 pair of gloves (worn)
 U - a +1 hat of willpower (worn)
Magical Staves
 c - a staff of alchemy
Jewellery
 m - a +6 ring of intelligence (right hand)
 w - a ring of resist corrosion
 I - a +5 ring of evasion (left hand)
 O - an amulet of guardian spirit
 Q - an amulet of magic regeneration (around neck)
 S - an amulet of the acrobat
Talismans
 a - a granite talisman
 K - a beast talisman
Wands
 r - a wand of flame (42)
 u - a wand of light (4)
 v - a wand of charming (20)
 T - a wand of digging (8)
 V - a wand of iceblast (10)
Scrolls
 l - 3 scrolls of fog
 n - 4 scrolls of noise
 p - 2 scrolls of vulnerability
 s - 3 scrolls of revelation
 t - 2 scrolls of amnesia
 A - a scroll of torment
 B - 2 scrolls of teleportation {@r2}
 C - a scroll of immolation
 F - 5 scrolls of poison
 L - 3 scrolls of identify {@r1}
 M - a scroll of enchant armour
 N - 3 scrolls of butterflies
 R - 2 scrolls of blinking
 Y - a scroll of silence
Potions
 b - 2 potions of magic
 d - 2 potions of might
 e - 5 potions of heal wounds {@q2}
 f - 3 potions of curing {@q1}
 g - 2 potions of invisibility
 i - 3 potions of cancellation
 j - 3 potions of ambrosia
 k - a potion of mutation
 q - 4 potions of enlightenment
 x - a potion of haste
 z - a potion of resistance
 D - a potion of brilliance
Miscellaneous
 h - a tin of tremorstones (2/2)
 X - a box of beasts


   Skills:
 - Level 14.0 Fighting
 + Level 12.6 Ranged Weapons
 - Level 4.0 Armour
 + Level 12.8 Dodging
 + Level 8.4 Stealth
 - Level 6.0 Spellcasting
 - Level 2.0 Conjurations
 + Level 2.6 Hexes
 + Level 2.2 Translocations
 + Level 3.1 Ice Magic
 - Level 4.0 Air Magic
 - Level 12.0 Alchemy
 + Level 6.2 Invocations
 - Level 5.0 Evocations


You had 16 spell levels left.
You knew the following spells:

 Your Spells              Type           Power      Damage    Failure   Level
a - Sting                 Conj/Alch      100%       1d9       1%          1
b - Mercury Vapours       Alch/Air       90%        N/A       1%          2
c - Olgreb's Toxic Radia  Alch           59%        N/A       1%          4
w - Mephitic Cloud        Conj/Alch/Air  36%        N/A       2%          3

Your spell library contained the following spells:

 Spells                   Type           Power      Damage    Failure   Level
 Cigotuvi's Dreadful Rot  Necr/Alch/Air  64%        N/A       1%          2
 Freeze                   Ice            88%        1d9       3%          1
 Apportation              Tloc           34%        N/A       4%          1
 Ozocubu's Armour         Ice            22%        N/A       9%          3
 Leda's Liquefaction      Alch/Erth      18%        N/A       9%          4
 Petrify                  Alch/Erth      36%        N/A       9%          4
 Sticky Flame             Fire/Alch      36%        2d8       9%          4
 Necrotise                Necr           28%        1d5       11%         1
 Summon Small Mammal      Summ           28%        N/A       11%         1
 Dazzling Flash           Conj/Hex       36%        N/A       12%         3
 Hailstorm                Conj/Ice       19%        3d7       12%         3
 Summon Ice Beast         Ice/Summ       14%        N/A       17%         3
 Passage of Golubria      Tloc           17%        N/A       41%         4
 Silence                  Hex/Air        11%        N/A       58%         5
 Sculpt Simulacrum        Ice/Alch       21%        N/A       58%         6
 Metabolic Englaciation   Hex/Ice        10%        N/A       67%         5
 Animate Dead             Necr           7%         N/A       71%         4
 Permafrost Eruption      Ice/Erth       7%         2x4d3     100%        6
 Starburst                Conj/Fire      6%         6d4       100%        6
 Haunt                    Necr/Summ      3%         N/A       100%        7
 Ozocubu's Refrigeration  Ice            11%        4d9       100%        7
 Infestation              Necr           3%         N/A       100%        8
 Lehudib's Crystal Spear  Conj/Erth      6%         10d3      100%        8
 Maxwell's Capacitive Co  Air            13%        ∞         100%        8


Dungeon Overview and Level Annotations

Branches:
Dungeon (15/15)            Temple (1/1) D:4            Lair (5/5) D:11
  Swamp (0/4) Lair:2       Spider (0/4) Lair:3        Slime (0/5) Lair:5
    Orc (1/2) D:12         Vaults (0/5) D:13         Depths (0/4) D:15
Ossuary (visited)          Bailey (visited)

Altars:
Ashenzari
Cheibriados
Dithmenos
Elyvilon
Fedhas
Gozag
Hepliaklqana
Kikubaaqudgha
Makhleb
Nemelex Xobeh
Okawaru
Qazlal
Ru
Sif Muna
Trog
Uskayaw
Vehumet
Wu Jian
Xom
Yredelemnul
Zin
The Shining One
Jiyva
Lugonu

Shops:
D:12 (

Portals:
Abyss: Lair:5

Annotations:
D:5 exclusion: downstairs
Lair:4 1 runed translucent door


Innate Abilities, Weirdness & Mutations

Your life essence is reduced to manifest your ancestor. (-10% HP)
((You are very nimble when in or above water. (Stealth+, EV+, Speed+++)))
Your lower body shifts to a powerful aquatic tail in water.


Message History

The orc warlord is lightly wounded.
The stinking cloud engulfs you.
You are engulfed in noxious fumes.
The orc warlord is engulfed in noxious fumes.
The orc warlord hits you with a +1 vampiric great sword!
* * * LOW HITPOINT WARNING * * *
The orc warlord is engulfed in noxious fumes.
The orc warlord attacks as it pursues you!
The orc warlord hits you with a +1 vampiric great sword!!
* * * LOW HITPOINT WARNING * * *
The orc warlord draws strength from your wounds!
Items here: )) [ ††.
The orc warlord is engulfed in noxious fumes.
The orc warlord hits you with a +1 vampiric great sword!
* * * LOW HITPOINT WARNING * * *
Unknown command.
The orc warlord is engulfed in noxious fumes.
Casting: Mephitic Cloud (mildly dangerous; 2% risk of failure)
Confirm with . or Enter, or press ? or * to list all spells.
Aiming: Mephitic Cloud (mildly dangerous; 2% risk of failure)
Press: ? - help, Shift-Dir - straight line, f/p - orc warlord
Aim: an orc warlord, wielding a +1 vampiric great sword and wearing a +0 plate armour (chance to affect: 29%)
The ball explodes into a vile cloud!
The stinking cloud engulfs the orc warlord.
The stinking cloud engulfs you.
You are engulfed in noxious fumes.
The orc warlord is engulfed in noxious fumes.
The orc warlord misses you.
Fire: H) +9 triple crossbow (freeze)
Press: ? - help, Q - select action, (/) - cycle Shift-Dir - straight line, f/p - orc warlord
Aim: an orc warlord, wielding a +1 vampiric great sword and wearing a +0 plate armour (noxious fumes, 82% to hit)
You shoot a bolt. The bolt hits the orc warlord!!
The bolt freezes the orc warlord.
The orc warlord is moderately wounded.
You are engulfed in noxious fumes.
You choke on the stench!
You are confused.
The orc warlord is engulfed in noxious fumes.
The orc warlord barely misses you.
The orc warlord is engulfed in noxious fumes.
The orc warlord hits you with a +1 vampiric great sword!
You die...
Hepliaklqana delivers you to your ancestors.

.....#.............##............
####.........##....##....##......
.............##..........##......
.....)[.##.......................
........##....)....).........##..
................[.###........##..
..............[..................
....[.##..........)[☼§...........
.....÷##[......)@o§§§§........##.
....[.).........§.§)☼.........##.
.)....÷............[.............
####...##........................
#...##...................##...
#........................##...
#.......##..........##........
#.......##....##....##........
######...........##.............#


You could see an orc warlord.

Vanquished Creatures
  Jorgrun (D:12)
  Roxanne (D:14)
  Nessos (D:12)
  A vault guard (D:13)
  3 hydras
  2 centaur warriors
  An ogre mage (D:13)
  5 two-headed ogres
  2 tengu warriors (D:13)
  The ghost of MirrMurr the Magician, a novice GnWr of Okawaru (D:7)
  A death yak (Lair:5)
  2 thrashing horrors (Lair:5)
  Urug (Lair:1)
  Sonja (Lair:1)
  A deep elf knight (D:13)
  2 large abominations (Lair:5)
  2 spriggan druids (Lair:2)
  A swamp dragon (Lair:5)
  A flayed ghost (D:13)
  3 deep elf pyromancers (D:15)
  A lindwurm (Lair:5)
  A wolf spider zombie (D:15)
  A necromancer (D:15)
  A deep elf zephyrmancer (D:15)
  An oklob plant (Lair:3)
  An orc knight (Bailey)
  A manticore (shapeshifter) (Lair:5)
  4 manticores
  4 cyclopes
  2 ugly things (Lair:5)
  2 meliai (D:13)
  A meliai (shapeshifter) (Lair:5)
  3 elephants (Lair:3)
  A smoke demon (Lair:5)
  5 black mambas
  6 cane toads
  2 gargoyles (D:12)
  A centaur skeleton (D:15)
  3 rime drakes
  A kobold demonologist (D:10)
  2 efreet
  3 komodo dragons
  4 trolls
  2 hornets (Lair:2)
  A raiju (Lair:5)
  A raiju (shapeshifter) (Lair:5)
  7 blink frogs (Lair:5)
  A shadow (D:12)
  3 slime creatures (D:13)
  Sigmund (D:5)
  4 wyverns
  2 humans
  2 vampires
  Eustachio (D:4)
  7 basilisks
  41 yaks
  2 wargs (D:12)
  2 redbacks (Lair:3)
  7 vampire mosquitoes
  A chaos spawn (Lair:5)
  6 water moccasins
  4 acid dragons
  2 swamp drakes (Lair:5)
  An ice beast (D:7)
  A black bear (Lair:4)
  2 laughing skulls (D:14)
  5 orc warriors
  6 small abominations (Lair:5)
  An ogre (D:12)
  A tengu (shapeshifter) (D:13)
  12 centaurs
  A phantom (D:5)
  4 bullfrogs
  Blork the orc (D:6)
  2 scorpions
  4 wights
  3 electric eels (Lair:1)
  5 howler monkeys
  3 hounds
  4 jellies
  A gnoll bouda (D:6)
  6 orc priests
  A sleepcap (D:6)
  A hexer (Bailey)
  A scorpion zombie (D:3)
  An iguana (D:5)
  7 orc wizards
  4 hell rats (Lair:5)
  A hound zombie (D:3)
  A hound skeleton (D:3)
  6 gnolls
  5 adders
  2 white imps (D:7)
  2 ufetubi (D:7)
  An adder skeleton (D:3)
  An adder zombie (D:3)
  3 dart slugs (D:1)
  4 ribbon worms (D:2)
  45 orcs
  5 ball pythons
  5 bats
  7 endoplasms
  3 giant cockroaches
  7 goblins
  8 hobgoblins
  8 jackals
  3 quokkas (D:1)
  A ball python zombie (D:3)
  4 frilled lizards
  A giant cockroach zombie (D:3)
  A goblin zombie (Ossuary)
  A hobgoblin zombie (Ossuary)
  A jackal zombie (Ossuary)
  6 kobolds
  A quokka skeleton (D:3)
  2 quokka zombies (D:3)
  2 rats
396 creatures vanquished.

Vanquished Creatures (collateral kills)
  Gastronok (Lair:1)
  A deep elf high priest (D:13)
  A rakshasa (D:15)
  An entropy weaver (D:13)
  A centaur warrior (D:13)
  A death yak (Lair:5)
  2 tengu warriors
  An occultist (D:15)
  A deep elf archer (D:13)
  A swamp dragon (Lair:5)
  A large abomination (Lair:5)
  An orc knight (D:12)
  A deep elf pyromancer (D:14)
  An ugly thing (D:12)
  A manticore (D:14)
  Maurice (D:7)
  A centaur zombie (D:15)
  A meliai (D:13)
  An elephant (shapeshifter) (Lair:5)
  An elephant (Lair:3)
  An unseen horror (D:12)
  A torpor snail (Lair:5)
  A redback zombie (D:15)
  A komodo dragon (D:11)
  A freezing wraith (D:14)
  2 trolls (D:12)
  A hornet (D:8)
  A blink frog (Lair:5)
  3 small abominations (Lair:5)
  A wyvern (D:6)
  16 yaks
  2 basilisks
  2 wargs (D:12)
  A redback (Lair:3)
  An acid dragon (D:7)
  2 water moccasins (D:7)
  3 orc warriors
  An ice beast (D:8)
  2 centaurs
  A bullfrog (D:8)
  A scorpion (D:6)
  2 wights
  A killer bee (D:12)
  2 howler monkeys (D:9)
  A jelly (D:6)
  A hound (D:5)
  A sleepcap (D:7)
  An iguana (D:7)
  8 orc wizards
  A hell rat (Lair:5)
  2 adders (D:6)
  19 orcs
  An endoplasm (Lair:5)
  2 hobgoblins (D:10)
  A rat zombie (Ossuary)
109 creatures vanquished.

Vanquished Creatures (others)
  22 hexers
  An ancestor (Ossuary)
23 creatures vanquished.

Grand Total: 528 creatures vanquished

Notes
Turn   | Place    | Note
-------+----------+-------------------------------------------
     0 | D:1      | Autsider the Merfolk Alchemist began the quest for the Orb.
     0 | D:1      | Reached XP level 1. HP: 13/13 MP: 3/3
    80 | D:1      | Reached skill level 1 in Conjurations
   101 | D:1      | Reached XP level 2. HP: 13/19 MP: 0/5
   251 | D:1      | Learned a level 2 spell: Mercury Vapours
   457 | D:1      | Reached XP level 3. HP: 14/24 MP: 0/6
  1366 | D:2      | Reached skill level 1 in Air Magic
  1406 | D:2      | Reached skill level 5 in Alchemy
  1406 | D:2      | Reached XP level 4. HP: 21/30 MP: 5/7
  1464 | D:2      | Found a faded altar of an unknown god.
  2519 | D:3      | Reached XP level 5. HP: 23/35 MP: 8/8
  2523 | D:3      | Learned a level 3 spell: Mephitic Cloud
  3114 | D:4      | Found a sacrificial altar of Ru.
  3115 | D:4      | Identified a scroll of acquirement
  3118 | D:4      | Acquired 885 gold pieces
  3160 | D:4      | Noticed Eustachio
  3185 | D:4      | Killed Eustachio
  3186 | D:4      | Reached skill level 2 in Fighting
  3186 | D:4      | Reached XP level 6. HP: 44/44 MP: 2/9
  3318 | D:4      | Found a staircase to the Ecumenical Temple.
  3339 | Temple   | Entered the Ecumenical Temple
  3345 | Temple   | Became a worshipper of Hepliaklqana the Forgotten
  3618 | D:4      | Found a white marble altar of Elyvilon.
  3624 | D:4      | Found a snail-covered altar of Cheibriados.
  3627 | D:4      | Found a burning altar of Makhleb.
  3627 | D:4      | Found an iron altar of Okawaru.
  3966 | D:4      | Found Jihe's Magic Scroll Shop.
  3970 | D:4      | Bought a scroll of identify for 28 gold pieces
  3970 | D:4      | Bought a scroll of identify for 28 gold pieces
  3970 | D:4      | Bought a scroll of identify for 28 gold pieces
  3974 | D:4      | Bought a scroll of revelation for 105 gold pieces
  3974 | D:4      | Bought a scroll of amnesia for 56 gold pieces
  4042 | D:5      | Entered Level 5 of the Dungeon
  4119 | D:5      | Reached skill level 3 in Fighting
  4119 | D:5      | Reached XP level 7. HP: 31/52 MP: 5/11
  4199 | D:5      | Reached * piety under Hepliaklqana
  4393 | D:5      | Noticed Sigmund
  4423 | D:5      | Killed Sigmund
  4424 | D:5      | Reached skill level 4 in Fighting
  4458 | D:5      | Reached XP level 8. HP: 54/54 MP: 1/14
  5192 | D:6      | Found a sand-covered staircase.
  5214 | Ossuary  | Entered an ossuary
  5471 | D:6      | Learned a level 4 spell: Olgreb's Toxic Radiance
  5472 | D:6      | Reached skill level 5 in Fighting
  5559 | D:6      | Noticed Blork the orc
  5567 | D:6      | Killed Blork the orc
  5750 | D:6      | Noticed a wyvern
  5755 | D:6      | Killed a wyvern
  5779 | D:6      | Reached ** piety under Hepliaklqana
  5784 | D:6      | Remembered your ancestor Vumniuse as a hexer
  5933 | D:6      | Reached skill level 10 in Alchemy
  6434 | D:7      | Noticed Maurice
  6447 | D:7      | Reached XP level 9. HP: 52/61 MP: 0/15
  6452 | D:7      | Killed Maurice
  6517 | D:7      | Reached skill level 6 in Fighting
  6610 | D:7      | Reached skill level 5 in Dodging
  6687 | D:7      | Found a runed translucent gate.
  6689 | D:7      | Found a runed translucent gate.
  6690 | D:7      | Found a runed translucent gate.
  6690 | D:7      | Noticed MirrMurr's ghost (novice GnWr)
  7227 | D:7      | Reached skill level 7 in Fighting
  7527 | D:8      | Noticed a hornet
  7536 | D:8      | Killed a hornet
  7537 | D:8      | Reached skill level 1 in Armour
  7578 | D:8      | Reached skill level 8 in Fighting
  7958 | D:8      | Reached *** piety under Hepliaklqana
  8031 | D:8      | Identified the scarf of the Frog {repulsion, rF+ SInv}
  8087 | D:8      | Reached XP level 10. HP: 72/72 MP: 12/16
  8243 | D:8      | Found an ornate altar of the Wu Jian Council.
  8778 | D:9      | Reached skill level 9 in Fighting
  8991 | D:9      | Noticed a two-headed ogre
  8997 | D:9      | Killed a two-headed ogre
  8998 | D:9      | Reached skill level 10 in Fighting
  9093 | D:9      | Noticed a two-headed ogre
  9106 | D:9      | Killed a two-headed ogre
  9343 | D:9      | Reached **** piety under Hepliaklqana
  9459 | D:9      | Found a shimmering blue altar of Sif Muna.
  9573 | D:10     | Entered Level 10 of the Dungeon
  9574 | D:10     | Found a flagged portal.
  9614 | D:10     | Reached skill level 5 in Spellcasting
  9614 | D:10     | Reached XP level 11. HP: 80/81 MP: 5/18
  9697 | Bailey   | Entered a bailey
  9836 | Bailey   | Noticed an orc knight
  9849 | Bailey   | Killed an orc knight
  9850 | Bailey   | Reached skill level 1 in Ranged Weapons
  9852 | Bailey   | Found a roughly hewn altar of Beogh.
 10258 | D:10     | Identified the maw talisman "Plog" {*Slow rElec rC+ Dex+3}
 10356 | D:10     | Noticed a two-headed ogre
 10361 | D:10     | Killed a two-headed ogre
 10429 | D:10     | You fall into a shaft and drop 2 floors!
 10484 | D:11     | Noticed a two-headed ogre
 10490 | D:11     | Killed a two-headed ogre
 10650 | D:11     | Reached skill level 11 in Fighting
 10709 | D:11     | Reached ***** piety under Hepliaklqana
 11133 | D:11     | Found a staircase to the Lair.
 11575 | D:12     | Found Kifir's Antique Weapon Emporium.
 11654 | D:12     | Noticed Nessos
 11671 | D:12     | Killed Nessos
 11761 | D:12     | Noticed a cyclops
 11770 | D:12     | Killed a cyclops
 11826 | D:12     | Reached skill level 12 in Fighting
 11847 | D:12     | Reached XP level 12. HP: 91/91 MP: 21/21
 11858 | D:12     | Reached skill level 10 in Dodging
 12002 | D:12     | Reached skill level 13 in Fighting
 12010 | D:12     | Found a staircase to the Orcish Mines.
 12165 | D:13     | Noticed a tengu warrior
 12168 | D:13     | Noticed Jorgrun
 12172 | D:13     | Killed a tengu warrior
 12173 | D:13     | Reached skill level 5 in Ranged Weapons
 12192 | D:12     | Killed Jorgrun
 12193 | D:12     | Reached skill level 14 in Fighting
 12472 | D:13     | Noticed a centaur warrior
 12472 | D:13     | Noticed a tengu warrior
 12475 | D:13     | Killed a tengu warrior
 12478 | D:13     | Killed a centaur warrior
 12510 | D:13     | Noticed an eight-headed hydra
 12513 | D:13     | Noticed an ogre mage
 12516 | D:13     | Killed an eight-headed hydra
 12518 | D:13     | Killed an ogre mage
 12581 | D:13     | Noticed a deep elf knight
 12586 | D:13     | Killed a deep elf knight
 12620 | D:13     | Noticed a deep elf high priest
 12622 | D:13     | Killed a deep elf high priest
 12623 | D:13     | Reached XP level 13. HP: 61/101 MP: 18/22
 13063 | Lair:1   | Entered Level 1 of the Lair of Beasts
 13208 | Lair:1   | Reached skill level 10 in Ranged Weapons
 13251 | Lair:1   | Noticed Urug
 13260 | Lair:1   | Killed Urug
 13533 | Lair:1   | Noticed Gastronok
 13538 | Lair:1   | Killed Gastronok
 13781 | Lair:1   | Noticed Sonja
 13786 | Lair:1   | Killed Sonja
 14288 | D:4      | Bought a scroll of blinking for 105 gold pieces
 14288 | D:4      | Bought 2 scrolls of fog for 112 gold pieces
 14288 | D:4      | Bought a scroll of blinking for 105 gold pieces
 14288 | D:4      | Bought a scroll of butterflies for 56 gold pieces
 14819 | D:7      | Killed MirrMurr's ghost
 15301 | Lair:2   | Found a staircase to the Swamp.
 15706 | Lair:3   | Reached ****** piety under Hepliaklqana
 15718 | Lair:3   | Got the Incunable of Crystallized Mortification
 15861 | Lair:3   | Reached skill level 5 in Stealth
 15861 | Lair:3   | Reached skill level 1 in Invocations
 15913 | Lair:3   | Reached skill level 1 in Evocations
 15918 | Lair:3   | Found a hole to the Spider Nest.
 16029 | Lair:3   | Reached XP level 14. HP: 108/108 MP: 23/23
 16621 | Lair:4   | Found a runed translucent door.
 16625 | Lair:4   | Noticed a tentacled starspawn
 16960 | Lair:5   | Entered Level 5 of the Lair of Beasts
 17365 | Lair:5   | Found a viscous altar of Jiyva.
 17429 | Lair:5   | Found a staircase to the Slime Pits.
 17848 | Lair:5   | Reached skill level 5 in Invocations
 17907 | Lair:5   | Found a corrupted altar of Lugonu.
 17907 | Lair:5   | Found a one-way gate to the infinite horrors of the Abyss.
 18488 | D:13     | Found a gate to the Vaults.
 18742 | D:13     | Identified the +0 leather armour of Ummivov {Rampage rC+
                  | Str+4}
 18916 | D:14     | Reached skill level 1 in Ice Magic
 18916 | D:14     | Reached skill level 5 in Evocations
 18968 | D:14     | Reached skill level 1 in Hexes
 19045 | D:14     | Reached XP level 15. HP: 93/113 MP: 24/24
 19110 | D:14     | Reached skill level 1 in Translocations
 19161 | D:14     | Noticed Roxanne
 19173 | D:14     | Killed Roxanne
 19496 | D:15     | Entered Level 15 of the Dungeon
 19628 | D:15     | Found a broken altar of Ashenzari.
 19879 | D:15     | Found a staircase to the Depths.
 20134 | Orc:1    | Entered Level 1 of the Orcish Mines
 20228 | Orc:1    | Noticed an orc warlord
 20259 | D:12     | HP: 1/113 [orc warlord/+1 vampiric great sword (17)]
 20263 | D:12     | Slain by an orc warlord

Illustrated notes

Levels and vault maps discovered:
D:1:      nzn_arrival_settlement, layout_rooms
D:2:      layout_loops_ring, serial_rivers, chequers_serial_rivers_micro_d,
          chequers_serial_rivers_micro_d, chequers_serial_rivers_large_a,
          chequers_serial_rivers_room_a, chequers_ecumenical_altar_island
D:3:      layout_loops_ring, serial_undead, serial_undead_c, serial_undead_e,
          serial_undead_b, serial_undead_f, serial_undead_f, serial_undead_f,
          serial_undead_a
D:4:      layout_cave_pools, nicolae_overflow_hallway_of_the_gods,
          minmay_temple_entry_waves, serial_column_ruins,
          column_ruins_circle_small, column_ruins_columns_dead_end,
          column_ruins_open_small, column_ruins_columns_corner,
          column_ruins_open_medium, column_ruins_open_small_water, serial_shops,
          nicolae_shop_back_alley_shop, uniq_eustachio
D:5:      layout_rooms, uniq_sigmund
D:6:      layout_loops_corners, chequers_ossuary_entry_cave, uniq_blork_the_orc
D:7:      layout_basic, ebering_ghost_rock_garden, uniq_maurice
D:8:      layout_loops_corners, nzn_wu_jian_council_hall
D:9:      layout_irregular_city, lemuel_blue_sif_altar
D:10:     layout_basic, enter_bailey_4
D:11:     layout_roguey, david_lair_shrubbed, nicolae_titane
D:12:     layout_roguey, erik_orc_4, serial_shops, nicolae_shop_hallway_stairs,
          uniq_nessos
D:13:     minmay_two_paths, layout_small_grid, hellmonk_vaults_order_and_chaos,
          eino_jars, uniq_jorgrun
D:14:     layout_big_octagon, kennysheep_another_room, uniq_roxanne
D:15:     grunt_enter_depths_magical_seal, layout_basic, ashenzari_altar_1
Temple:   nicolae_temple_no_exploring_needed
Lair:1:   layout_loops_ring, serial_bayou_shore_a, infiniplex_staircase_pool,
          uniq_gastronok, uniq_urug, uniq_sonja
Lair:2:   layout_big_grid, mainiacjoe_swamp_entry_angry_trees
Lair:3:   layout_roguey, spider_nest_entry_a, grunt_megastairs_4,
          lemuel_fruit_fields
Lair:4:   layout_roguey, pdpol_lair_cabin_in_the_woods
Lair:5:   hellmonk_lair_end_abyssal_woods, layout_cave_pods, slime_entry_2, pond
Orc:1:    layout_caves, serial_shops, shop, minmay_orc_temple_a

Skill      XL: |  1  2  3  4  5  6  7  8  9 10 11 12 13 14 15 |
---------------+----------------------------------------------+-----
Conjurations   | 1 2 |  2.0
Air Magic      | 1 2 3 4 |  4.0
Alchemy        | 5 6 10 12 | 12.0
Fighting       | 2 3 4 5 8 10 12 14 | 14.0
Spellcasting   | 3 4 5 6 |  6.0
Dodging        | 3 6 7 9 10 12 | 12.8
Stealth        | 3 4 5 7 8 |  8.4
Armour         | 2 4 |  4.0
Ranged Weapons | 3 8 11 12 | 12.6
Invocations    | 1 5 6 |  6.2
Evocations     | 1 5 |  5.0
Ice Magic      | 1 3 |  3.1
Hexes          | 1 2 |  2.6
Translocations | 2 |  2.2

Action                     |  1- 3 |  4- 6 |  7- 9 | 10-12 | 13-15 || total
---------------------------+-------+-------+-------+-------+-------++-------
  Melee: Staff             |    13 |       |       |       |       ||    13
         Short sword       |     6 |   169 |    21 |       |       ||   196
         Tailslap          |       |     1 |       |       |       ||     1
         Trident           |       |       |     1 |       |       ||     1
   Fire: Orcbow            |       |       |   134 |   100 |       ||   234
         Triple crossbow   |       |       |       |   164 |   428 ||   592
   Cast: Sting             |    72 |    53 |    34 |    39 |       ||   198
         Mercury Vapours   |       |    14 |     8 |     6 |     1 ||    29
         Mephitic Cloud    |       |     3 |    28 |    42 |    36 ||   109
         Olgreb's Toxic Ra |       |       |       |       |     4 ||     4
 Invoke: Ancestor Life: He |       |       |     1 |       |       ||     1
         Recall Ancestor   |       |       |       |     1 |     4 ||     5
Ability: Begin Untransform |       |       |       |       |     1 ||     1
    Use: Scroll            |       |    10 |     9 |    13 |    12 ||    44
         Potion            |       |       |     3 |     1 |     3 ||     7
   Stab: Distracted        |       |     1 |       |       |       ||     1
         Confused          |       |     2 |       |       |       ||     2
 Armour: Robe              |    18 |    82 |    53 |       |       ||   153
         Leather armour    |       |       |     3 |    44 |       ||    47
         Troll leather arm |       |       |       |    49 |   120 ||   169
  Dodge: Dodged            |    20 |    95 |    64 |   125 |   193 ||   497
         Repelled          |       |       |       |    17 |    18 ||    35
   Form: Beast             |       |       |       |       |     1 ||     1

Table legend: (Time is in decaauts)
 A = Elapsed time spent in this place.
 B = Non-inter-level travel time spent in this place.
 C = Inter-level travel time spent in this place.
 D = Time resting spent in this place.
 E = Time spent auto-exploring this place.
 F = Levels seen in this place.
 G = Mean time per level.
                   A        B        C        D        E       F      G
               +--------+--------+--------+--------+--------+-----+--------+
         Total |  20828 |  19055 |   1773 |   1421 |  13238 |  24 |  867.8 |
       Dungeon |  15424 |  14009 |   1415 |   1078 |   9916 |  15 | 1028.3 |
        Temple |     12 |      2 |     10 |      0 |      0 |   1 |   12.0 |
          Lair |   4907 |   4560 |    347 |    343 |   3107 |   5 |  981.4 |
  Orcish Mines |     33 |     33 |      0 |      0 |      0 |   1 |   33.0 |
       Ossuary |     57 |     57 |      0 |      0 |      0 |   1 |   57.0 |
        Bailey |    393 |    393 |      0 |      0 |    215 |   1 |  393.0 |
               +--------+--------+--------+--------+--------+-----+--------+

Top non-repeatable levels by time:
  Lair:5: 1481 daAuts
     D:7: 1393 daAuts
  Lair:1: 1195 daAuts
     D:9: 1195 daAuts
     D:6: 1165 daAuts
     D:8: 1150 daAuts
    D:13: 1139 daAuts
     D:2: 1132 daAuts
     D:5: 1073 daAuts
     D:3: 1066 daAuts
    D:12: 1064 daAuts
    D:11: 984 daAuts
     D:4: 957 daAuts
    D:10: 932 daAuts
  Lair:4: 895 daAuts
